[Event "72nd RUS-ch Higher League 2019"]
[Site "Yaroslavl"]
[Date "2019.07.03"]
[Round "6.21"]
[White "Samojlov, Anton"]
[Black "Levin, Evgeny A."]
[Result "1/2-1/2"]
[ECO "E21"]
[WhiteElo "2350"]
[BlackElo "2504"]
[Annotator "ChessBase"]
[PlyCount "80"]
[EventDate "2019.06.27"]
[EventType "swiss"]
[EventCountry "RUS"]
[SourceTitle "playchess.com"]
[Source "ChessBase"]
[SourceQuality "1"]
[TimeControl "40/5400+30:1800+30"]

1. d4 Nf6 2. c4 e6 3. Nf3 b6 4. Nc3 Bb7 5. e3 d5 6. cxd5 exd5 7. Bb5+ c6 8. Bd3 Nbd7 9. O-O Bd6 10. e4 dxe4 11. Nxe4 Nxe4 12. Bxe4 O-O 13. Bg5 Qc7 14. Qc2 h6 15. Bh4 Rfe8 16. Rac1 c5 17. Bxb7 Qxb7 18. Rcd1 Nf8 19. Bg3 Bxg3 20. hxg3 Nd7 21. Rfe1 cxd4 22. Rxe8+ Rxe8 23. Nxd4 Rc8 24. Qe2 Nf6 25. Nf5 Re8 26. Ne3 Qe4 27. b3 Nd5 28. Rd3 Nxe3 29. Rxe3 Qb1+ 30. Kh2 Rxe3 31. fxe3 Qe4 32. Qa6 Qe7 33. Qd3 g6 34. a4 h5 35. Qd4 Qa3 36. Qd8+ Kg7 37. Qd4+ Kg8 38. Qd8+ Kg7 39. Qd4+ Kg8 40. Qd8+ Kg7 1/2-1/2

[Event "72nd RUS-ch Higher League 2019"]
[Site "Yaroslavl"]
[Date "2019.07.03"]
[Round "6.22"]
[White "Drygalov, Andrey"]
[Black "Bigaliev, Renat"]
[Result "1-0"]
[ECO "D12"]
[WhiteElo "2494"]
[BlackElo "2427"]
[Annotator "ChessBase"]
[PlyCount "83"]
[EventDate "2019.06.27"]
[EventType "swiss"]
[EventCountry "RUS"]
[SourceTitle "playchess.com"]
[Source "ChessBase"]
[SourceQuality "1"]
[TimeControl "40/5400+30:1800+30"]

1. d4 d5 2. Nf3 Nf6 3. c4 c6 4. e3 Bf5 5. Nc3 e6 6. Nh4 Be4 7. f3 Bg6 8. Qb3 Qc7 9. Bd2 Be7 10. cxd5 cxd5 11. Nxg6 hxg6 12. O-O-O Nc6 13. Kb1 Nd7 14. Bd3 Qb6 15. Qa4 Qb4 16. Qc2 Qd6 17. Qb3 Qb4 18. Qxb4 Bxb4 19. Rc1 Nb6 20. a3 Be7 21. Ne2 Kd7 22. e4 Rac8 23. h3 a6 24. Ka2 Na7 25. Rxc8 Rxc8 26. b3 Nb5 27. a4 Na7 28. Kb2 Nc6 29. e5 Bb4 30. Be3 Ne7 31. g4 Rh8 32. h4 Nc6 33. Ng3 Be7 34. h5 g5 35. Ne2 f6 36. f4 gxf4 37. Nxf4 Bd8 38. Ng6 Re8 39. exf6 Bxf6 40. g5 Bxd4+ 41. Bxd4 Nxd4 42. h6 1-0

[Event "72nd RUS-ch Higher League 2019"]
[Site "Yaroslavl"]
[Date "2019.07.03"]
[Round "6.23"]
[White "Airapetian, Gor"]
[Black "Sadovsky, Artem"]
[Result "1-0"]
[ECO "E15"]
[WhiteElo "2442"]
[BlackElo "2416"]
[Annotator "NA"]
[PlyCount "146"]
[EventDate "2019.06.27"]
[EventType "swiss"]
[EventCountry "RUS"]
[SourceTitle "playchess.com"]
[Source "ChessBase"]
[SourceQuality "1"]
[TimeControl "40/5400+30:1800+30"]

1. d4 Nf6 2. c4 e6 3. Nf3 b6 4. g3 Bb4+ 5. Bd2 Bxd2+ 6. Qxd2 Bb7 7. Bg2 O-O 8. O-O d5 9. Rc1 dxc4 10. Rxc4 Nbd7 11. Na3 Bd5 12. Rc2 c5 13. b4 Ne4 14. Qe1 cxd4 15. Nxd4 Qf6 16. Rd1 a5 17. f3 Nd6 18. e4 Bb7 19. Nc6 e5 20. Qd2 Nb5 21. Nxb5 Bxc6 22. Nc7 Rac8 23. b5 Nc5 24. Nd5 Bxd5 25. exd5 Qd6 26. Bh3 f5 27. Qe3 Rce8 28. Rc4 f4 29. Qe1 Kh8 30. Kh1 g5 31. gxf4 gxf4 32. Rc2 Rg8 33. Re2 Rg5 34. Bg4 Reg8 35. h4 Rxg4 36. fxg4 e4 37. Rxe4 Nxe4 38. Qxe4 Rxg4 39. Qd4+ Kg8 40. Rg1 h5 41. Qe4 Kg7 42. Qf5 Rxg1+ 43. Kxg1 Qc5+ 44. Kg2 Qxb5 45. Qe5+ Kf8 46. Qxf4+ Ke7 47. Qe5+ Kd7 48. Qxh5 Qb2+ 49. Kg3 Qxa2 50. Qf7+ Kd6 51. Qe6+ Kc5 52. Qc6+ Kd4 53. d6 Qg8+ 54. Kh2 Qe6 55. Qxb6+ Kd5 56. h5 Qe5+ 57. Kg2 Qg5+ 58. Kf1 Qc1+ 59. Ke2 Qc2+ 60. Kf3 Qf5+ 61. Ke3 Qe4+ 62. Kd2 Qg2+ 63. Kc3 Qf3+ 64. Kb2 Qe2+ 65. Ka3 Ke6 66. h6 a4 67. h7 Qd3+ 68. Kxa4 Qc4+ 69. Ka5 Qa2+ 70. Kb5 Qe2+ 71. Kc6 Qe4+ 72. Kc7 Qc2+ 73. Kb7 Qxh7+ 1-0

[Event "72nd RUS-ch Higher League 2019"]
[Site "Yaroslavl"]
[Date "2019.07.03"]
[Round "6.25"]
[White "Kardashevskiy, Evgeny"]
[Black "Eraschenkov, Denis"]
[Result "1-0"]
[ECO "A40"]
[WhiteElo "2429"]
[BlackElo "2379"]
[Annotator "NA"]
[PlyCount "41"]
[EventDate "2019.06.27"]
[EventType "swiss"]
[EventCountry "RUS"]
[SourceTitle "playchess.com"]
[Source "ChessBase"]
[SourceQuality "1"]
[TimeControl "40/5400+30:1800+30"]

1. d4 g6 2. Nf3 Bg7 3. c4 d6 4. Nc3 e5 5. g3 Nd7 6. Bg2 Ne7 7. O-O O-O 8. e4 exd4 9. Nxd4 Nc6 10. Nxc6 bxc6 11. Qc2 Ne5 12. b3 f5 13. f4 Ng4 14. h3 Qf6 15. e5 dxe5 16. hxg4 exf4 17. Bxf4 Qxc3 18. Qxc3 Bxc3 19. Rad1 Ba5 20. Bxc6 Rb8 21. Bh6 1-0

[Event "72nd RUS-ch Higher League 2019"]
[Site "Yaroslavl"]
[Date "2019.07.03"]
[Round "6.26"]
[White "Nozdrachev, Vladislav"]
[Black "Rychkov, Oleg"]
[Result "1-0"]
[ECO "B31"]
[WhiteElo "2481"]
[BlackElo "2409"]
[Annotator "ChessBase"]
[PlyCount "69"]
[EventDate "2019.06.27"]
[EventType "swiss"]
[EventCountry "RUS"]
[SourceTitle "playchess.com"]
[Source "ChessBase"]
[SourceQuality "1"]
[TimeControl "40/5400+30:1800+30"]

1. e4 c5 2. Nf3 Nc6 3. Bb5 g6 4. Bxc6 dxc6 5. d3 Bg7 6. h3 Nf6 7. O-O Nd7 8. a4 e5 9. a5 Nf8 10. Nbd2 Ne6 11. Nc4 Qc7 12. Be3 O-O 13. c3 h6 14. Qc1 Kh7 15. b3 f5 16. exf5 Rxf5 17. Re1 Nf4 18. Bxf4 exf4 19. Ra2 Rd5 20. Rae2 Bf5 21. d4 cxd4 22. Nxd4 Rf8 23. Re7 Rd7 24. Ne6 Bxe6 25. R7xe6 Rf5 26. Qc2 h5 27. b4 f3 28. Rxg6 Kxg6 29. Re6+ Kg5 30. h4+ Kxh4 31. Ne3 Rf6 32. Rxf6 Bxf6 33. Qg6 Rd1+ 34. Nxd1 Bg5 35. g3+ 1-0

[Event "72nd RUS-ch Higher League 2019"]
[Site "Yaroslavl"]
[Date "2019.07.03"]
[Round "6.27"]
[White "Bykov, Oleg"]
[Black "Drygalov, Sergey"]
[Result "1/2-1/2"]
[ECO "E35"]
[WhiteElo "2401"]
[BlackElo "2492"]
[Annotator "ChessBase"]
[PlyCount "81"]
[EventDate "2019.06.27"]
[EventType "swiss"]
[EventCountry "RUS"]
[SourceTitle "playchess.com"]
[Source "ChessBase"]
[SourceQuality "1"]
[TimeControl "40/5400+30:1800+30"]

1. d4 Nf6 2. c4 e6 3. Nc3 Bb4 4. Qc2 d5 5. cxd5 exd5 6. Bg5 h6 7. Bh4 g5 8. Bg3 Nc6 9. e3 h5 10. Bb5 h4 11. Be5 Rh6 12. h3 Bd7 13. Bh2 Qe7 14. Nf3 Ne4 15. a3 Bxc3+ 16. bxc3 O-O-O 17. c4 g4 18. hxg4 Bxg4 19. Bxc6 h3 20. Ne5 hxg2 21. Rg1 Rxh2 22. Bxd5 Nf6 23. Bxb7+ Kxb7 24. Rb1+ Kc8 25. Qa4 Qxe5 26. dxe5 Ne4 27. f3 Bxf3 28. e6 fxe6 29. Qc6 Rh1 30. Qxe6+ Rd7 31. Qe8+ Rd8 32. Qe6+ Rd7 33. Qe8+ Rd8 34. Qe6+ Rd7 35. Qe8+ Rd8 36. Qe6+ Rd7 37. Qe8+ Rd8 38. Qe6+ Rd7 39. Qe8+ Rd8 40. Qe6+ Rd7 41. Qe8+ 1/2-1/2

[Event "72nd RUS-ch Higher League 2019"]
[Site "Yaroslavl"]
[Date "2019.07.04"]
[Round "7.6"]
[White "Kokarev, Dmitry"]
[Black "Chigaev, Maksim"]
[Result "1/2-1/2"]
[ECO "C85"]
[WhiteElo "2609"]
[BlackElo "2640"]
[Annotator "RC"]
[PlyCount "99"]
[EventDate "2019.06.27"]
[EventType "swiss"]
[EventCountry "RUS"]
[SourceTitle "playchess.com"]
[Source "ChessBase"]
[SourceQuality "1"]
[TimeControl "40/5400+30:1800+30"]

1. e4 e5 2. Nf3 Nc6 3. Bb5 a6 4. Ba4 Nf6 5. O-O Be7 6. Bxc6 dxc6 7. d3 Nd7 8. b3 f6 9. Bb2 O-O 10. Qe2 a5 11. d4 exd4 12. Nxd4 Nc5 13. a4 Qe8 14. Nd2 Qf7 15. f4 Re8 16. N2f3 Ne6 17. Nxe6 Bxe6 18. h3 Rad8 19. Kh1 c5 20. c4 b6 21. Rae1 Bc8 22. Qc2 Bb7 23. Kg1 Qg6 24. Nh4 Qg3 25. Nf5 Qd3 26. Qxd3 Rxd3 27. Rf3 Rxf3 28. gxf3 Bf8 29. Kf2 Rd8 30. Ke2 Kf7 31. Ne3 c6 32. f5 Ba6 33. Bc3 Bc8 34. Ng4 Be7 35. Rg1 Bd6 36. h4 Bf4 37. h5 h6 38. Nf2 Bc7 39. Nd3 Bd7 40. Be1 Re8 41. Kd2 Rd8 42. Bg3 Bxg3 43. Rxg3 Be8 44. Ke2 Kf8 45. Nf4 Bf7 46. Ng6+ Bxg6 47. fxg6 Ke7 48. Rg1 Ke6 49. Ke3 Rd4 50. f4 {[%emt 0:06:01] Ke5} 1/2-1/2

[Event "72nd RUS-ch Higher League 2019"]
[Site "Yaroslavl"]
[Date "2019.07.04"]
[Round "7.7"]
[White "Grachev, Boris"]
[Black "Pridorozhni, Aleksei"]
[Result "1/2-1/2"]
[ECO "A06"]
[WhiteElo "2621"]
[BlackElo "2588"]
[Annotator "ChessBase"]
[PlyCount "53"]
[EventDate "2019.06.27"]
[EventType "swiss"]
[EventCountry "RUS"]
[SourceTitle "playchess.com"]
[Source "ChessBase"]
[SourceQuality "1"]
[TimeControl "40/5400+30:1800+30"]

1. Nf3 d5 2. e3 c5 3. b3 Nc6 4. Bb2 Nf6 5. Bb5 Bd7 6. O-O e6 7. c4 a6 8. cxd5 axb5 9. dxc6 Bxc6 10. Ne5 Be7 11. Nxc6 bxc6 12. Nc3 O-O 13. Qc2 Qd7 14. Rfd1 Rfd8 15. Ne4 Nxe4 16. Qxe4 Bf8 17. h3 Qb7 18. Qc2 h6 19. d3 Ra6 20. a3 Rd7 21. Rd2 Qa8 22. Rad1 Raa7 23. Qc1 Ra6 24. Qc2 Raa7 25. Qc1 Ra6 26. Qc2 Raa7 27. Qc1 1/2-1/2

[Event "72nd RUS-ch Higher League 2019"]
[Site "Yaroslavl"]
[Date "2019.07.04"]
[Round "7.10"]
[White "Popov, Ivan"]
[Black "Khismatullin, Denis"]
[Result "0-1"]
[ECO "B53"]
[WhiteElo "2599"]
[BlackElo "2618"]
[Annotator "ChessBase"]
[PlyCount "96"]
[EventDate "2019.06.27"]
[EventType "swiss"]
[EventCountry "RUS"]
[SourceTitle "playchess.com"]
[Source "ChessBase"]
[SourceQuality "1"]
[TimeControl "40/5400+30:1800+30"]

1. e4 c5 2. Nf3 d6 3. d4 cxd4 4. Qxd4 a6 5. Be2 Nc6 6. Qe3 Nf6 7. O-O Bg4 8. c4 e6 9. Nc3 Be7 10. b3 O-O 11. Bb2 Qa5 12. Rfd1 Rfd8 13. Nd4 Bxe2 14. Nxc6 bxc6 15. Qxe2 Nd7 16. Rd2 Nc5 17. Rad1 Bf6 18. Qe3 Qc7 19. f4 e5 20. f5 h6 21. Qf2 Bg5 22. Re2 Rab8 23. h4 Be7 24. g3 a5 25. Ba3 Nxb3 26. axb3 Rxb3 27. Bb2 Qb7 28. Ra1 Rb8 29. Na4 Qa6 30. c5 Rxg3+ 31. Qxg3 Qxe2 32. cxd6 Bxd6 33. f6 g6 34. Bxe5 Bxe5 35. Qxe5 Qg4+ 36. Kf1 Qh3+ 37. Kg1 Qg4+ 38. Kf1 Rd8 39. Nc5 Qh3+ 40. Kg1 Qg4+ 41. Kf1 Qxh4 42. Kg1 Qg4+ 43. Kf1 h5 44. Qe7 Rd2 45. Qe8+ Kh7 46. Qxf7+ Kh6 47. Qf8+ Kg5 48. Ne6+ Kh4 0-1

[Event "72nd RUS-ch Higher League 2019"]
[Site "Yaroslavl"]
[Date "2019.07.04"]
[Round "7.11"]
[White "Frolyanov, Dmitry"]
[Black "Kobalia, Mikhail"]
[Result "1/2-1/2"]
[ECO "B14"]
[WhiteElo "2538"]
[BlackElo "2608"]
[Annotator "ChessBase"]
[PlyCount "31"]
[EventDate "2019.06.27"]
[EventType "swiss"]
[EventCountry "RUS"]
[SourceTitle "playchess.com"]
[Source "ChessBase"]
[SourceQuality "1"]
[TimeControl "40/5400+30:1800+30"]

1. e4 c6 2. d4 d5 3. exd5 cxd5 4. c4 Nf6 5. Nc3 g6 6. cxd5 Nxd5 7. Bc4 Nxc3 8. Qb3 e6 9. bxc3 Nc6 10. Nf3 Bg7 11. Ba3 Bf8 12. Bc1 Bg7 13. Ba3 Bf8 14. Bc1 Bg7 15. Ba3 Bf8 16. Bc1 1/2-1/2

[Event "72nd RUS-ch Higher League 2019"]
[Site "Yaroslavl"]
[Date "2019.07.04"]
[Round "7.14"]
[White "Drygalov, Andrey"]
[Black "Petrov, Nikita"]
[Result "1/2-1/2"]
[ECO "B31"]
[WhiteElo "2494"]
[BlackElo "2610"]
[Annotator "ChessBase"]
[PlyCount "66"]
[EventDate "2019.06.27"]
[EventType "swiss"]
[EventCountry "RUS"]
[SourceTitle "playchess.com"]
[Source "ChessBase"]
[SourceQuality "1"]
[TimeControl "40/5400+30:1800+30"]

1. e4 c5 2. Nf3 Nc6 3. Bb5 g6 4. Bxc6 bxc6 5. O-O Bg7 6. Re1 Nh6 7. c3 O-O 8. h3 f5 9. e5 Nf7 10. d3 Rb8 11. b3 h6 12. d4 cxd4 13. cxd4 c5 14. Bb2 Bb7 15. Nbd2 g5 16. dxc5 e6 17. Nd4 Qc7 18. c6 Bxc6 19. Nxc6 Qxc6 20. Nc4 Rfd8 21. Qe2 Qa6 22. Qe3 Rb5 23. Red1 Rd5 24. Rd2 Rb8 25. Qe1 Rbb5 26. Re2 Rd3 27. Rd2 Rxd2 28. Qxd2 Rd5 29. Qb4 Bf8 30. Qe1 Bg7 31. Qb4 Bf8 32. Qe1 Bg7 33. Qb4 Bf8 1/2-1/2

[Event "72nd RUS-ch Higher League 2019"]
[Site "Yaroslavl"]
[Date "2019.07.04"]
[Round "7.15"]
[White "Timofeev, Artyom"]
[Black "Airapetian, Gor"]
[Result "1/2-1/2"]
[ECO "C07"]
[WhiteElo "2608"]
[BlackElo "2442"]
[Annotator "ChessBase"]
[PlyCount "144"]
[EventDate "2019.06.27"]
[EventType "swiss"]
[EventCountry "RUS"]
[SourceTitle "playchess.com"]
[Source "ChessBase"]
[SourceQuality "1"]
[TimeControl "40/5400+30:1800+30"]

1. e4 e6 2. d4 d5 3. Nd2 c5 4. exd5 Qxd5 5. Ngf3 cxd4 6. Bc4 Qd8 7. O-O Nc6 8. Nb3 a6 9. Nbxd4 Nxd4 10. Nxd4 Bd6 11. Bd3 Nf6 12. Bg5 Qc7 13. g3 Bd7 14. Re1 O-O-O 15. Qf3 Be5 16. Qe3 Bd6 17. c4 Kb8 18. b4 h6 19. Bxf6 gxf6 20. Rab1 Be5 21. Nf3 Bc6 22. Be4 Bxe4 23. Qxe4 Bc3 24. Rec1 f5 25. Qe2 Bf6 26. b5 a5 27. b6 Qc5 28. Qe1 Rd6 29. Rb5 Qa3 30. Kg2 Rhd8 31. Rxa5 Qd3 32. Ra7 Qe4 33. Qa5 Kc8 34. Qb5 Kb8 35. Qa5 Kc8 36. Qb5 Kb8 37. Re1 Qc6 38. Qa5 Qxb6 39. Ra8+ Kc7 40. c5 Qxa5 41. cxd6+ Kb6 42. Rb1+ Qb5 43. Rxb5+ Kxb5 44. Rxd8 Bxd8 45. Ne5 Bf6 46. Nxf7 Kc6 47. g4 fxg4 48. Nxh6 Kxd6 49. Nxg4 Bh8 50. h4 Kc5 51. h5 Kb4 52. Nh6 b5 53. Nf7 Bf6 54. Nd6 Be5 55. Nf7 Bf6 56. Nd6 Be5 57. Ne4 Ka3 58. Nc5 Kxa2 59. Nxe6 b4 60. Nc5 b3 61. Nd3 b2 62. Nxb2 Bxb2 63. Kf3 Kb3 64. Ke4 Kc4 65. f4 Kc5 66. Kf5 Kd6 67. Kg6 Ke7 68. h6 Kf8 69. h7 Ke7 70. f5 Bf6 71. h8=Q Bxh8 72. f6+ Bxf6 1/2-1/2

[Event "72nd RUS-ch Higher League 2019"]
[Site "Yaroslavl"]
[Date "2019.07.04"]
[Round "7.16"]
[White "Khanin, Semen"]
[Black "Paravyan, David"]
[Result "0-1"]
[ECO "B90"]
[WhiteElo "2529"]
[BlackElo "2605"]
[Annotator "ChessBase"]
[PlyCount "106"]
[EventDate "2019.06.27"]
[EventType "swiss"]
[EventCountry "RUS"]
[SourceTitle "playchess.com"]
[Source "ChessBase"]
[SourceQuality "1"]
[TimeControl "40/5400+30:1800+30"]

1. e4 c5 2. Nf3 d6 3. d4 cxd4 4. Nxd4 Nf6 5. Nc3 a6 6. f3 e5 7. Nb3 Be6 8. Be3 Be7 9. Qd2 h5 10. O-O-O Nbd7 11. Kb1 Rc8 12. h4 b5 13. a3 O-O 14. Bg5 Nb6 15. Bxf6 Bxf6 16. Qxd6 Be7 17. Qxd8 Rfxd8 18. Rxd8+ Rxd8 19. Be2 g6 20. g4 Kg7 21. gxh5 gxh5 22. f4 exf4 23. Bxh5 Rh8 24. Bf3 Rxh4 25. Rxh4 Bxh4 26. Ne2 Bg3 27. Nc5 Nc4 28. Kc1 Ne5 29. Nxe6+ fxe6 30. Bh1 Bf2 31. Kd1 Be3 32. Nc3 Kf6 33. Ke2 Bc1 34. Nd1 Kg5 35. Bf3 Nc4 36. b3 Nxa3 37. Kd3 Kh4 38. e5 Kg3 39. Bb7 a5 40. Bc8 f3 41. Bxe6 Bf4 42. Bd5 Bxe5 43. Ne3 b4 44. Ke4 Bf4 45. Nf1+ Kf2 46. Kxf4 Kxf1 47. Bxf3 Nxc2 48. Ke4 Na1 49. Kd3 Nxb3 50. Bd1 Nc1+ 51. Kc4 Ke1 52. Ba4 Kd2 53. Kb5 b3 0-1

[Event "72nd RUS-ch Higher League 2019"]
[Site "Yaroslavl"]
[Date "2019.07.04"]
[Round "7.17"]
[White "Rozum, Ivan"]
[Black "Kardashevskiy, Evgeny"]
[Result "1-0"]
[ECO "A13"]
[WhiteElo "2572"]
[BlackElo "2429"]
[Annotator "ChessBase"]
[PlyCount "183"]
[EventDate "2019.06.27"]
[EventType "swiss"]
[EventCountry "RUS"]
[SourceTitle "playchess.com"]
[Source "ChessBase"]
[SourceQuality "1"]
[TimeControl "40/5400+30:1800+30"]

1. c4 e6 2. Nf3 Nf6 3. b3 d5 4. Bb2 Be7 5. g3 O-O 6. Bg2 c5 7. cxd5 Nxd5 8. O-O Nc6 9. d4 cxd4 10. Nxd4 Bd7 11. Na3 Nxd4 12. Qxd4 Bf6 13. Qd2 Bc6 14. Nc4 Bxb2 15. Qxb2 Nb4 16. Rfd1 Qe7 17. e4 Rfd8 18. a3 Nd3 19. Qe2 Nc5 20. Na5 Be8 21. e5 Rac8 22. b4 Na4 23. Rxd8 Qxd8 24. Nxb7 Qd4 25. Re1 Nc3 26. Qe3 Qxe3 27. Rxe3 Bb5 28. Bf1 Bxf1 29. Kxf1 Nd5 30. Rf3 Rc1+ 31. Kg2 Rc2 32. Nd8 Rc7 33. b5 g5 34. a4 g4 35. Rb3 Rc3 36. Rxc3 Nxc3 37. Nc6 Nxa4 38. Nxa7 Nb6 39. h3 h5 40. hxg4 hxg4 41. Kf1 Kg7 42. Ke2 f6 43. Nc6 Nd7 44. exf6+ Kxf6 45. Kd3 Kf5 46. Kd4 e5+ 47. Ke3 Ke6 48. Nb4 Kd6 49. Ke4 Ke6 50. Na2 Nc5+ 51. Ke3 Na4 52. Kd2 Kd6 53. Nc3 Nb6 54. Kd3 Ke6 55. Nd1 Nd7 56. Ne3 Nf6 57. Kc4 Kd6 58. Kb4 Kc7 59. Ka5 Kb7 60. b6 Kc6 61. Ka6 Nd7 62. Nxg4 Nxb6 63. Nxe5+ Kc5 64. Nd3+ Kc6 65. Ka5 Nd7 66. Kb4 Kd5 67. Kc3 Ke4 68. Ne1 Kf5 69. Kd2 Kg4 70. Ke2 Ne5 71. Nd3 Nc4 72. Kf1 Kh3 73. Kg1 Ne5 74. Nf4+ Kg4 75. Kg2 Nf3 76. Nd3 Ng5 77. f3+ Kf5 78. g4+ Kf6 79. Kg3 Kg6 80. Nc5 Kh6 81. f4 Nf7 82. Ne4 Kg6 83. f5+ Kh6 84. Kf4 Nd8 85. g5+ Kg7 86. Kg4 Nc6 87. Kh5 Nd4 88. f6+ Kf7 89. g6+ Ke6 90. g7 Kf7 91. Ng5+ Kg8 92. Kg6 1-0

[Event "72nd RUS-ch Higher League 2019"]
[Site "Yaroslavl"]
[Date "2019.07.04"]
[Round "7.18"]
[White "Nesterov, Arseniy"]
[Black "Bocharov, Ivan"]
[Result "1/2-1/2"]
[ECO "D30"]
[WhiteElo "2423"]
[BlackElo "2559"]
[Annotator "ChessBase"]
[PlyCount "81"]
[EventDate "2019.06.27"]
[EventType "swiss"]
[EventCountry "RUS"]
[SourceTitle "playchess.com"]
[Source "ChessBase"]
[SourceQuality "1"]
[TimeControl "40/5400+30:1800+30"]

1. d4 d5 2. c4 e6 3. Nf3 Nf6 4. g3 Bb4+ 5. Bd2 Be7 6. Bg2 O-O 7. O-O Nbd7 8. Qc2 c6 9. Bf4 b6 10. Rd1 Ba6 11. cxd5 cxd5 12. Ne5 Nxe5 13. dxe5 Ng4 14. h3 Rc8 15. Qd2 Nh6 16. Bxh6 gxh6 17. Nc3 Qc7 18. Qf4 Bg5 19. Qa4 Bc4 20. h4 Be7 21. b3 Qxe5 22. bxc4 Rxc4 23. Qxa7 Rc7 24. Qxb6 Rxc3 25. Qd4 Qxd4 26. Rxd4 Rb8 27. a4 Bc5 28. Rg4+ Kf8 29. a5 Rb2 30. a6 Ba7 31. e3 Rcc2 32. Rf4 Ke7 33. Ra3 Rc1+ 34. Kh2 f5 35. h5 Kd6 36. Bh3 Re1 37. Bg2 Rc1 38. Bh3 Rc4 39. Kg1 Rc1+ 40. Kh2 Re1 41. Bg2 1/2-1/2

[Event "72nd RUS-ch Higher League 2019"]
[Site "Yaroslavl"]
[Date "2019.07.04"]
[Round "7.19"]
[White "Murzin, Volodar"]
[Black "Lomasov, Semyon"]
[Result "1/2-1/2"]
[ECO "C01"]
[WhiteElo "2418"]
[BlackElo "2542"]
[Annotator "ChessBase"]
[PlyCount "94"]
[EventDate "2019.06.27"]
[EventType "swiss"]
[EventCountry "RUS"]
[SourceTitle "playchess.com"]
[Source "ChessBase"]
[SourceQuality "1"]
[TimeControl "40/5400+30:1800+30"]

1. e4 e6 2. d4 d5 3. exd5 exd5 4. Nf3 Nc6 5. c3 Bd6 6. Bd3 Nge7 7. O-O Bf5 8. Re1 Qd7 9. Bxf5 Qxf5 10. Nbd2 O-O-O 11. Nf1 Ng6 12. Bd2 Nce7 13. Qb1 Qd7 14. Qd3 f6 15. Re2 Nf8 16. h4 h6 17. Rae1 g5 18. Ng3 g4 19. Nh2 h5 20. Bf4 Nfg6 21. Bxd6 cxd6 22. Qc2 f5 23. Re6 Rdf8 24. c4 Kb8 25. cxd5 f4 26. Ne4 Nxh4 27. Rxd6 Qf5 28. Qb3 Nc8 29. Re6 Nb6 30. Re5 Qg6 31. a4 f3 32. a5 g3 33. Nxg3 Nc8 34. d6 Rh7 35. Qe6 fxg2 36. Qh3 Qf7 37. Ne4 Ng6 38. Rg5 Nf4 39. Qh4 Qd7 40. Rg3 Rhf7 41. Nf3 Qb5 42. Ne5 Ne2+ 43. Kxg2 Rf4 44. Qg5 Rxe4 45. Qg7 Nf4+ 46. Kh2 Rxe1 47. Qxf8 Rh1+ 1/2-1/2

[Event "72nd RUS-ch Higher League 2019"]
[Site "Yaroslavl"]
[Date "2019.07.04"]
[Round "7.20"]
[White "Shimanov, Aleksandr"]
[Black "Salemgareev, Tagir"]
[Result "0-1"]
[ECO "A45"]
[WhiteElo "2615"]
[BlackElo "2412"]
[Annotator "ChessBase"]
[PlyCount "92"]
[EventDate "2019.06.27"]
[EventType "swiss"]
[EventCountry "RUS"]
[SourceTitle "playchess.com"]
[Source "ChessBase"]
[SourceQuality "1"]
[TimeControl "40/5400+30:1800+30"]

1. d4 Nf6 2. Bf4 b6 3. f3 d5 4. Nc3 Bb7 5. g4 e6 6. e3 a6 7. h4 c5 8. Qd2 Nc6 9. h5 h6 10. Nh3 b5 11. Ne2 Qb6 12. Bg2 Be7 13. Nf2 c4 14. c3 b4 15. O-O a5 16. e4 a4 17. e5 Nd7 18. a3 bxa3 19. bxa3 Na5 20. Ra2 Nb3 21. Qc2 O-O-O 22. Bg3 Rdg8 23. f4 g6 24. hxg6 fxg6 25. f5 gxf5 26. gxf5 exf5 27. Qxf5 Rf8 28. Qh3 Rhg8 29. Bh2 Bc6 30. Nf4 Kb7 31. Ng4 Qa5 32. Nxh6 Rg7 33. Ne6 Rxf1+ 34. Kxf1 Rh7 35. Bf4 Rh8 36. Qg3 Nf8 37. Ng7 Bh4 38. Qxh4 Ng6 39. Qg3 Nxf4 40. Ngf5 Nd3 41. Qg7+ Ka6 42. Qf6 Rc8 43. Rc2 Na1 44. Ne7 Nxc2 45. Nxc6 Qb6 46. Ne7 Rf8 0-1

[Event "72nd RUS-ch Higher League 2019"]
[Site "Yaroslavl"]
[Date "2019.07.04"]
[Round "7.21"]
[White "Levin, Evgeny A."]
[Black "Nozdrachev, Vladislav"]
[Result "1-0"]
[ECO "D56"]
[WhiteElo "2504"]
[BlackElo "2481"]
[Annotator "ChessBase"]
[PlyCount "105"]
[EventDate "2019.06.27"]
[EventType "swiss"]
[EventCountry "RUS"]
[SourceTitle "playchess.com"]
[Source "ChessBase"]
[SourceQuality "1"]
[TimeControl "40/5400+30:1800+30"]

1. d4 Nf6 2. c4 e6 3. Nf3 d5 4. Nc3 Be7 5. Bg5 h6 6. Bh4 O-O 7. e3 Nbd7 8. Rc1 c6 9. Bd3 dxc4 10. Bxc4 b5 11. Bd3 Bb7 12. O-O a6 13. a4 Rc8 14. Qe2 Nb6 15. Ne5 Nfd7 16. Bg3 Nxa4 17. Nxa4 Nxe5 18. Bxe5 bxa4 19. Qg4 Bg5 20. f4 f5 21. Qh5 Bf6 22. Bc4 Qe7 23. Qxf5 Rce8 24. Qg6 Qf7 25. Qg4 Kh8 26. Bd3 Rd8 27. Bg6 Qe7 28. Bc2 g5 29. Qh5 Qg7 30. fxg5 Bxe5 31. gxh6 Bxh2+ 32. Kxh2 Qc7+ 33. Qe5+ Qxe5+ 34. dxe5 c5 35. Rcd1 Bd5 36. Bg6 Rxf1 37. Rxf1 Rg8 38. Rf6 c4 39. e4 Bb7 40. Bf7 Rg5 41. Bg6 Rxg6 42. Rxg6 c3 43. bxc3 a3 44. Rf6 Bxe4 45. Rf1 a2 46. Ra1 Bd5 47. g4 Kh7 48. g5 a5 49. Kg3 a4 50. Kf4 Bb3 51. Ke3 Bc4 52. Kd4 Bb3 53. c4 1-0

[Event "72nd RUS-ch Higher League 2019"]
[Site "Yaroslavl"]
[Date "2019.07.04"]
[Round "7.22"]
[White "Yanchenko, Roman"]
[Black "Samojlov, Anton"]
[Result "1-0"]
[ECO "A47"]
[WhiteElo "2478"]
[BlackElo "2350"]
[Annotator "ChessBase"]
[PlyCount "113"]
[EventDate "2019.06.27"]
[EventType "swiss"]
[EventCountry "RUS"]
[SourceTitle "playchess.com"]
[Source "ChessBase"]
[SourceQuality "1"]
[TimeControl "40/5400+30:1800+30"]

1. d4 Nf6 2. Nf3 b6 3. Bf4 Bb7 4. e3 g6 5. Bd3 d6 6. Nbd2 Bg7 7. Qe2 Nfd7 8. h4 e5 9. Bh2 Qe7 10. dxe5 dxe5 11. e4 Nc5 12. Bc4 Nc6 13. Bd5 O-O-O 14. O-O-O f5 15. Rhe1 f4 16. Nb3 Ba6 17. Bc4 Bb7 18. g3 fxg3 19. Bxg3 Ne6 20. Kb1 Kb8 21. Ba6 Ba8 22. c3 Rhf8 23. Nfd2 Nf4 24. Qf1 Nh5 25. Qb5 Qe6 26. a4 Bh6 27. Nc4 Nxg3 28. fxg3 Ne7 29. Rxd8+ Rxd8 30. Qxe5 Qxe5 31. Nxe5 Bg7 32. Nf3 Re8 33. Nbd2 c5 34. Kc2 Nc6 35. Bc4 Bb7 36. Bd5 Rf8 37. Ng5 Be5 38. Nxh7 Rh8 39. Ng5 Bxg3 40. Rg1 Bh2 41. Rg2 Bc7 42. Ngf3 Ne7 43. Bxb7 Kxb7 44. Kd3 a6 45. e5 b5 46. axb5 axb5 47. Ne4 Kc6 48. Neg5 Ra8 49. Ne6 Ra4 50. b3 Ra3 51. Ke4 Kb6 52. Nf4 Rxb3 53. Nxg6 Nc6 54. h5 b4 55. h6 bxc3 56. h7 Rb2 57. Rxb2+ 1-0

[Event "72nd RUS-ch Higher League 2019"]
[Site "Yaroslavl"]
[Date "2019.07.04"]
[Round "7.25"]
[White "Drygalov, Sergey"]
[Black "Eraschenkov, Denis"]
[Result "0-1"]
[ECO "A48"]
[WhiteElo "2492"]
[BlackElo "2379"]
[Annotator "ChessBase"]
[PlyCount "72"]
[EventDate "2019.06.27"]
[EventType "swiss"]
[EventCountry "RUS"]
[SourceTitle "playchess.com"]
[Source "ChessBase"]
[SourceQuality "1"]
[TimeControl "40/5400+30:1800+30"]

1. d4 Nf6 2. Nf3 g6 3. c4 Bg7 4. g3 c6 5. Bg2 d5 6. Nbd2 O-O 7. O-O Bf5 8. b3 a5 9. Nh4 Be6 10. e3 c5 11. Bb2 cxd4 12. Bxd4 Nc6 13. Bc3 Bg4 14. Nhf3 e5 15. h3 d4 16. exd4 exd4 17. Bb2 Bf5 18. a3 Qb6 19. Ne1 h5 20. Rc1 Nd7 21. g4 hxg4 22. hxg4 Be6 23. Ne4 Nc5 24. Nxc5 Qxc5 25. Nd3 Qg5 26. Qf3 Bxg4 27. Qg3 Qf5 28. Rce1 Rfe8 29. Nf4 Be5 30. Re4 g5 31. f3 Bxf4 32. Qxg4 Qg6 33. Qd7 Rxe4 34. fxe4 Rd8 35. Qh3 Ne5 36. Rd1 g4 0-1